 Dungeon Crawl Stone Soup version 0.25-a0-663-gace7076f2c (webtiles) character file.

Game seed: 7035908529615795636, levelgen mode: deterministic

1771 Mehrunes the Cleaver (level 9, -2/74 (75) HPs)
             Began as a Hill Orc Necromancer on Mar 25, 2020.
             Was an Initiate of Kikubaaqudgha.
             Shot with an arrow by a centaur (12 damage)
             ... on level 6 of the Dungeon.
             The game lasted 00:20:25 (8850 turns).

Mehrunes the Cleaver (Hill Orc Necromancer)         Turns: 8850, Time: 00:20:25

HP:   -2/74 (75)    AC:  8    Str: 13    XL:     9   Next: 7%
MP:   6/12          EV:  9    Int: 16    God:    Kikubaaqudgha [......]
Gold: 274           SH:  0    Dex: 11    Spells: 8/12 levels left

rFire    . . .     SeeInvis .   D - +0 broad axe
rCold    . . .     Gourm    .   (no shield)
rNeg     . . .     Faith    .   B - +0 scale mail
rPois    .         Spirit   .   l - +0 helmet
rElec    .         Reflect  .   (no cloak)
rCorr    .         Harm     .   (no gloves)
MR       .....                  (no boots)
Stlth    +.........             (no amulet)
HPRegen  0.22/turn              o - ring of flight
MPRegen  0.13/turn              A - ring of stealth

@: no status effects
A: no striking features
a: Renounce Religion, Evoke Flight


You were on level 6 of the Dungeon.
You worshipped Kikubaaqudgha.
Kikubaaqudgha was noncommittal.
You were hungry.

You visited 2 branches of the dungeon, and saw 7 of its levels.

You collected 274 gold pieces.

Inventory:

Hand Weapons
 e - a +0 dagger
 j - a +4 hand axe
 D - a +0 broad axe (weapon)
Missiles
 b - 26 poisoned darts (quivered)
Armour
 a - a +0 robe
 d - a +0 ring mail
 f - a +0 chain mail
 l - a +0 helmet (worn)
 B - a +0 scale mail (worn)
Jewellery
 n - an uncursed ring of ice
 o - a ring of flight (left hand)
 A - a ring of stealth (right hand)
Wands
 q - a wand of paralysis (9)
 s - a wand of scattershot (5)
Scrolls
 h - 2 scrolls of amnesia {unknown}
 k - 3 scrolls of identify {unknown}
 r - a scroll of random uselessness {unknown}
 x - 3 scrolls of remove curse {unknown}
 y - 2 scrolls of enchant weapon {unknown}
 z - a scroll of blinking {unknown}
 C - a scroll of noise {unknown}
Potions
 g - 2 potions of invisibility {unknown}
 i - 2 potions of haste
 m - a potion of lignification {unknown}
 p - a potion of flight {unknown}
 t - a potion of mutation {unknown}
 u - a potion of might {unknown}
 v - a potion of berserk rage {unknown}
 w - a potion of degeneration {unknown}
Comestibles
 c - 7 rations
 E - 3 chunks of flesh


   Skills:
 + Level 6.1 Fighting
 * Level 8.8 Axes
 + Level 5.2 Armour
 - Level 1.5 Dodging
 - Level 1.5 Stealth
 - Level 2.0 Spellcasting
 + Level 6.6 Necromancy


You had 8 spell levels left.
You knew the following spells:

 Your Spells              Type           Power        Failure   Level  Hunger
a - Pain                  Necr           ###.         5%          1    #......
b - Vampiric Draining     Necr           ###.......   17%         3    ###....

Your spell library contained the following spells:

 Spells                   Type           Power        Failure   Level  Hunger
 Animate Skeleton         Necr           N/A          5%          1    #......
 Animate Dead             Necr           N/A          50%         4    #####..
 Agony                    Necr           ###.....     83%         5    ######.


Dungeon Overview and Level Annotations

Branches:
Dungeon (6/15)             Temple (1/1) D:5

Altars:
Ashenzari
Cheibriados
Dithmenos
Fedhas
Gozag
Hepliaklqana
Kikubaaqudgha
Makhleb
Nemelex Xobeh
Okawaru
Qazlal
Ru
Trog
Uskayaw
Wu Jian
Xom
Yredelemnul
Zin
The Shining One

Annotations:
D:4 3 runed translucent doors, Anaz's ghost, amateur DgAE; waddelsworth's ghost, amateur DECj
D:6 Edmund


Message History

Press: ? - help, Shift-Dir - straight line, f/p - centaur
Aim: a centaur, wielding a -1 shortbow and quivering 10 arrows (severely wounded, chance to defeat MR: 81%)
The centaur writhes in agony.
You are feeling hungry.
The centaur drinks a potion.
The centaur is healed!
Casting: Pain (safe; 5% risk of failure)
Confirm with . or Enter, or press ? or * to list all spells.
Aiming: Pain (safe; 5% risk of failure)
Press: ? - help, Shift-Dir - straight line, f/p - centaur
Aim: a centaur, wielding a -1 shortbow and quivering 10 arrows (heavily wounded, chance to defeat MR: 81%)
The centaur barely resists.
The centaur shoots an arrow.
The arrow barely misses you.
The centaur shoots an arrow.
The arrow hits you!
* * * LOW HITPOINT WARNING * * *
The centaur shoots an arrow.
The arrow hits you!
* * * LOW HITPOINT WARNING * * *
There is a stone staircase leading up, spattered with blood here.
You see here 4 arrows.
The centaur shoots an arrow.
The arrow hits you!
You die...
Kikubaaqudgha rasps: "You have failed me!
Welcome... death!"

.....##.....[.........#...
............#............. .
........##.## ..........# .#
..#........c####........#..#
#.........................
#.........................
...##.....................#
.###...........(.......#
###......#...@.....##
#......##.#.(....#
#.....#######(.### #....##.
##... ...... . ...... ......
# ..#... #####.. ..


You could see a centaur.

Vanquished Creatures
  Prince Ribbit (D:6)
  Eustachio (D:5)
  A phantom (D:5)
  2 ogres (D:5)
  2 bullfrogs (D:5)
  3 scorpions
  A howler monkey (D:4)
  A crimson imp (D:5)
  4 hounds
  A bullfrog zombie (D:4)
  A centaur zombie (D:5)
  A centaur skeleton (D:4)
  An iguana (D:4)
  Terence (D:3)
  Natasha (thrice) (D:3)
  2 orc wizards
  7 worker ants
  A hound skeleton (D:6)
  A worker ant zombie (D:6)
  4 gnolls
  8 adders
  A shadow imp (D:5)
  An ooze (D:3)
  3 worms
  3 dart slugs
  8 leopard geckos
  26 orcs
  4 giant cockroaches
  5 hobgoblins
  6 jackals
  8 kobolds
  A quokka (D:2)
  5 bats
  6 frilled lizards
  5 goblins
  5 rats
  A spectral orc (D:3)
135 creatures vanquished.

Vanquished Creatures (others)
  An orc wizard (D:4)
  An orc priest (D:4)
  An orc (D:4)
3 creatures vanquished.

Grand Total: 138 creatures vanquished

Notes
Turn   | Place    | Note
-------+----------+-------------------------------------------
     0 | D:1      | Mehrunes the Hill Orc Necromancer began the quest for the
                  | Orb.
     0 | D:1      | Reached XP level 1. HP: 14/14 MP: 3/3
    92 | D:1      | Reached XP level 2. HP: 17/22 MP: 0/4
   148 | D:1      | Reached skill level 1 in Fighting
   939 | D:2      | Reached XP level 3. HP: 27/28 MP: 3/6
   977 | D:2      | Learned a level 3 spell: Vampiric Draining
  1257 | D:2      | Found an opulent altar of Gozag.
  1499 | D:2      | Reached skill level 1 in Armour
  1672 | D:2      | Reached XP level 4. HP: 35/36 MP: 4/7
  2114 | D:3      | Reached skill level 1 in Axes
  2770 | D:3      | Reached XP level 5. HP: 39/42 MP: 3/8
  2959 | D:3      | Reached skill level 2 in Axes
  3258 | D:3      | Noticed Terence
  3273 | D:3      | Killed Terence
  3491 | D:3      | Found a basalt altar of Yredelemnul.
  3649 | D:4      | Reached skill level 3 in Axes
  3649 | D:4      | Reached XP level 6. HP: 50/51 MP: 5/9
  3678 | D:4      | Reached skill level 5 in Necromancy
  4143 | D:4      | Found a runed translucent gate.
  4143 | D:4      | Found a runed translucent gate.
  4146 | D:4      | Found a runed translucent gate.
  4148 | D:4      | Noticed Anaz's ghost (amateur DgAE)
  4148 | D:4      | Noticed waddelsworth's ghost (amateur DECj)
  4201 | D:4      | Reached skill level 4 in Axes
  4552 | D:4      | Noticed Natasha
  4593 | D:3      | Reached XP level 7. HP: 47/58 MP: 5/10
  4718 | D:3      | Killed Natasha
  4986 | D:3      | Noticed Natasha
  4997 | D:3      | Killed Natasha
  5129 | D:3      | Noticed Natasha
  5136 | D:3      | Killed Natasha
  5136 | D:3      | Reached skill level 5 in Axes
  6262 | D:4      | Found a stormy altar of Qazlal.
  6353 | D:5      | Entered Level 5 of the Dungeon
  6377 | D:5      | Noticed Eustachio
  6424 | D:5      | Killed Eustachio
  6424 | D:5      | Reached skill level 6 in Axes
  6581 | D:5      | Reached XP level 8. HP: 64/67 MP: 7/11
  6712 | D:5      | Reached skill level 5 in Fighting
  6869 | D:5      | Reached skill level 7 in Axes
  7282 | D:5      | Found a staircase to the Ecumenical Temple.
  7364 | Temple   | Entered the Ecumenical Temple
  7439 | Temple   | Became a worshipper of Kikubaaqudgha
  8205 | D:6      | Noticed Prince Ribbit
  8205 | D:6      | Identified the +2 leather armour "Dousch" {MR+}
  8205 | D:6      | Noticed Edmund
  8272 | D:6      | Reached skill level 8 in Axes
  8627 | D:6      | Killed Prince Ribbit
  8627 | D:6      | Reached skill level 5 in Armour
  8627 | D:6      | Reached XP level 9. HP: 28/74 MP: 0/12
  8850 | D:6      | Shot with an arrow by a centaur

Levels and vault maps discovered:
D:1:      minmay_arrival_five_plusses, layout_loops_cross
D:2:      minmay_chambers_of_twos, layout_loops_cross, old_standard_altar,
          kennysheep_generic_room_2
D:3:      layout_rooms, yredelemnul_forgotten_temple_becter, uniq_terence
D:4:      layout_cave_pods, grunt_qazlal_clouds, first_ration,
          gammafunk_ghost_cemetery, uniq_natasha
D:5:      layout_basic, minmay_temple_entry_arrows, minmay_misc_feat_room,
          minmay_misc_feat_secret_circle, uniq_eustachio
D:6:      minmay_spotlight, layout_cave_pools, grunt_temple_overflow_open,
          uniq_duvessa, uniq_edmund, uniq_prince_ribbit1
Temple:   compressed_dpeg_circular_temple

Skill      XL: |  1  2  3  4  5  6  7  8 |
---------------+-------------------------+-----
Fighting       | 1 2 3 4 6 |  6.1
Spellcasting   | 2 |  2.0
Armour         | 1 2 3 5 |  5.2
Axes           | 1 3 4 6 8 |  8.8
Necromancy     | 5 6 |  6.6
Dodging        | |  1.5
Stealth        | |  1.5

Action                   |  1- 3 |  4- 6 |  7- 9 || total
-------------------------+-------+-------+-------++-------
Melee: Unarmed           |     1 |       |       ||     1
       Hand axe          |       |    54 |   102 ||   156
       Dagger            |       |     1 |       ||     1
       Broad axe         |       |       |    38 ||    38
Throw: Dart              |       |     5 |       ||     5
 Cast: Pain              |    57 |   137 |   134 ||   328
       Vampiric Draining |       |       |     3 ||     3
  Eat: Chunk             |     3 |     8 |    13 ||    24
       Ration            |       |     1 |     1 ||     2
Armor: Robe              |     2 |       |       ||     2
       Ring mail         |     2 |    58 |    49 ||   109
       Scale mail        |       |       |    36 ||    36
Dodge: Dodged            |    13 |    80 |   113 ||   206

Table legend:
 A = Non-vault XP
 B = Vault XP
 C = Vault XP percentage of total XP
 D = Non-vault monster count
 E = Vault monster count
 F = Vault count percentage of total count
                 A         B        C        D         E       F
            +---------+---------+-------+---------+---------+-------
      Total |    1959 |     571 |  22.6 |     121 |      14 |  10.4
            +---------+---------+-------+---------+---------+-------
        D:1 |      32 |       0 |   0.0 |      19 |       0 |   0.0
        D:2 |      83 |      14 |  14.4 |      12 |       8 |  40.0
        D:3 |     247 |      72 |  22.6 |      33 |       3 |   8.3
        D:4 |     524 |       0 |   0.0 |      27 |       0 |   0.0
        D:5 |     961 |     182 |  15.9 |      23 |       1 |   4.2
        D:6 |     112 |     303 |  73.0 |       7 |       2 |  22.2
            +---------+---------+-------+---------+---------+-------
